 Dungeon Crawl Stone Soup version 0.30.1-11-g7821555f0a (webtiles) character file.

Game seed: 17434116876315089824

37 Eitelfritz the Poker (level 3, -15/27 HPs)
             Began as a Demonspawn Gladiator on Dec 8, 2023.
             Demolished by Crazy Yiuf
             ... wielding a +4 quarterstaff of chaos
              (16 damage)
             ... on level 2 of the Dungeon.
             The game lasted 00:02:45 (1550 turns).

Eitelfritz the Poker (Demonspawn Gladiator)         Turns: 1550, Time: 00:02:46

Health: -15/27     AC:  4    Str: 16    XL:     3   Next: 23%
Magic:  1/3        EV: 12    Int:  9    God:
Gold:   171        SH:  0    Dex: 14    Spells: 2/2 levels left

rFire   . . .        a - +0 trident
rCold   . . .        (no shield)
rNeg    . . .        b - +0 leather armour
rPois   .            c - +0 helmet
rElec   .            (no cloak)
rCorr   .            (no gloves)
SInv    .            (no boots)
Will    .....        (no amulet)
Stlth   +            (no ring)
HPRegen 0.24/turn    (no ring)
MPRegen 0.08/turn

%: no passive effects
@: no status effects
A: claws 2
a: no special abilities


You were on level 2 of the Dungeon.
You visited 1 branch of the dungeon, and saw 2 of its levels.

You collected 171 gold pieces.

Inventory:

Hand Weapons
 a - a +0 trident (weapon)
Missiles
 d - 3 throwing nets (quivered)
 e - a javelin
Armour
 b - a +0 leather armour (worn)
 c - a +0 helmet (worn)
Wands
 m - a wand of paralysis (12)
 o - a wand of flame (13)
Scrolls
 f - a scroll of magic mapping {unknown}
 g - a scroll of fear {unknown}
 h - a scroll of fog {unknown}
 j - a scroll of teleportation {unknown}
 l - 3 scrolls of identify {unknown}
Potions
 i - a potion of attraction {unknown}
 k - 2 potions of curing {unknown}
 n - a potion of cancellation {unknown}


   Skills:
 + Level 2.2 Fighting
 + Level 3.3 Polearms
 + Level 2.0 Throwing
 + Level 0.1 Armour
 + Level 3.0 Dodging
 + Level 0.5 Stealth


You had 2 spell levels left.
You didn't know any spells.
Your spell library was empty.

Dungeon Overview and Level Annotations

Branches:
Dungeon (2/15)

Altars:

Annotations:
D:2 Crazy Yiuf


Innate Abilities, Weirdness & Mutations

You have very sharp fingernails.


Message History

You open the door. You closely miss Crazy Yiuf.
Crazy Yiuf hits you with a +4 quarterstaff of chaos!
Crazy Yiuf burns you.
You puncture Crazy Yiuf!
Crazy Yiuf is moderately wounded.
Crazy Yiuf hits you with a +4 quarterstaff of chaos.
Crazy Yiuf burns you.
You barely miss Crazy Yiuf.
Crazy Yiuf is moderately wounded.
Crazy Yiuf twirls on the spot.
Crazy Yiuf misses you.
You barely miss Crazy Yiuf.
Crazy Yiuf is moderately wounded.
Crazy Yiuf hits you with a +4 quarterstaff of chaos.
* * * LOW HITPOINT WARNING * * *
You barely miss Crazy Yiuf.
Crazy Yiuf is moderately wounded.
Crazy Yiuf whimpers, "East!
Ghoul blue snockshim."
Crazy Yiuf closely misses you.
You barely miss Crazy Yiuf.
Crazy Yiuf is moderately wounded.
Crazy Yiuf barely misses you. Crazy Yiuf closely misses you.
You hit Crazy Yiuf.
Crazy Yiuf is heavily wounded.
Crazy Yiuf closely misses you.
You hit Crazy Yiuf but do no damage.
Crazy Yiuf is heavily wounded.
Crazy Yiuf closely misses you.
You hit Crazy Yiuf.
Crazy Yiuf is severely wounded.
Crazy Yiuf hits you with a +4 quarterstaff of chaos!
* * * LOW HITPOINT WARNING * * *
You feel your power leaking away.
You barely miss Crazy Yiuf.
Crazy Yiuf is severely wounded.
Crazy Yiuf says, "Dawk!
Hack disdain shrimp."
Crazy Yiuf hits you with a +4 quarterstaff of chaos!
Ouch! That really hurt!
You die...

#..........###.# #.#
#.##........##.# #.# ####
#.##...........# #.# #...
#.###...######## ########.##
#.# #...# #........# #.# #...#
#######..# #.# #..###♣♣ ###
#.)..<... ..# #......♣♣ ♣♣#..)#
#.####..# ###
#.......♣♣♣♣@g...# ##.# #..#
#........♣..♣#...# #..## #..#
#..#....♣.♣♣♣ ### ###.###...
#..###♣♣♣♣♣ #.##.#..## #...#
##.#...... ##.####
##############..#.###
######.##.###....)......#..##.#
....[.........#########...###.#
######.##..#### ###.###.###


You could see Crazy Yiuf.

Vanquished Creatures
  A worm (D:2)
  3 bats (D:2)
  4 endoplasms (D:1)
  2 giant cockroaches
  A goblin (D:2)
  4 hobgoblins
  4 quokkas
  3 ball pythons (D:2)
  5 frilled lizards
  2 kobolds (D:2)
  4 rats
33 creatures vanquished.

Notes
Turn   | Place    | Note
-------+----------+-------------------------------------------
     0 | D:1      | Eitelfritz the Demonspawn Gladiator began the quest for the
                  | Orb.
     0 | D:1      | Reached XP level 1. HP: 16/16 MP: 1/1
   300 | D:1      | Discovered your monstrous ancestry.
   300 | D:1      | Gained mutation: You have sharp fingernails. [demonic
                  | ancestry]
   300 | D:1      | Reached XP level 2. HP: 19/22 MP: 2/2
   903 | D:2      | Gained mutation: You have very sharp fingernails. [demonic
                  | ancestry]
   903 | D:2      | Reached XP level 3. HP: 27/27 MP: 3/3
  1199 | D:2      | Identified the +4 spear "Goblinslayer" {heavy, rF- rCorr
                  | Int+4}
  1261 | D:2      | Found a runed translucent door.
  1262 | D:2      | Noticed Crazy Yiuf
  1549 | D:2      | HP: 1/27 [Crazy Yiuf/+4 quarterstaff of chaos (8)]
  1550 | D:2      | Demolished by Crazy Yiuf

Illustrated notes

Levels and vault maps discovered:
D:1:      lightli_arrival_maybe_door_vault, layout_loops_ring
D:2:      layout_loops_ring, amcnicky_mini_corridor_feature,
          uniq_crazy_yiuf_cottage

Skill      XL: |  1  2 |
---------------+-------+-----
Polearms       | 3 |  3.3
Throwing       | 2 |  2.0
Dodging        | 3 |  3.0
Fighting       | |  2.2
Armour         | |  0.1
Stealth        | |  0.5

Action                     || total
---------------------------++-------
  Melee: Trident           ||    96
   Stab: Sleeping          ||     5
 Armour: Leather armour    ||    12
  Dodge: Dodged            ||    44
